 Dungeon Crawl Stone Soup version 0.16-a0-3300-g0332368 (webtiles) character file.

79 PolkaDot the Caller (level 4, -7/35 HPs)
             Began as a Vampire Summoner on Dec 25, 2014.
             Mangled by Grinder (10 damage)
             ... on level 3 of the Dungeon.
             The game lasted 00:05:59 (1735 turns).

PolkaDot the Caller (Vampire Summoner)              Turns: 1735, Time: 00:05:59

Health: -7/35      AC:  4    Str:  7    XL:     4   Next: 17%
Magic:  7/7        EV: 12    Int: 18    God:
Gold:   68         SH:  0    Dex: 14    Spells: 3 memorised, 1 level left

rFire  . . .     SeeInvis +     c - +0 short sword
rCold  . . .     Clarity  .     a - +0 robe
rNeg   . . .     SustAb   .     (no shield)
rPois  .         Gourm    .     (no helmet)
rElec  .         Spirit   .     (no cloak)
rCorr  .         Warding  .     (no gloves)
rMut   .         Stasis   .     (no boots)
MR     .....                    (no amulet)
Stlth  ++........               (no ring)
                                (no ring)

@: regenerating quickly, not resistant to hostile enchantments, unstealthy
A: bottle blood, fangs 3, slimy green scales 1, see invisible, unbreathing
a: no special abilities


You were on level 3 of the Dungeon.
You were very full.

You visited 1 branch of the dungeon, and saw 3 of its levels.

You collected 68 gold pieces.

Inventory:

Hand weapons
 c - a +0 short sword (weapon)
Armour
 a - a +0 robe (worn)
Scrolls
 d - 3 scrolls of identify
 h - a scroll of random uselessness
Books
 b - a book of Callings

   Spells                             Type                      Level
   a - Summon Small Mammal            Summoning                    1
   b - Call Imp                       Summoning                    2
   c - Call Canine Familiar           Summoning                    3
   d - Summon Guardian Golem          Hexes/Summoning              4
   e - Summon Lightning Spire         Summoning/Air                4
   f - Summon Ice Beast               Ice/Summoning                4


   Skills:
 * Level 3.4 Fighting
 - Level 2.1 Dodging
 - Level 3.0 Stealth
 - Level 2.0 Spellcasting
 - Level 4.0 Summonings


You had one spell level left.
You knew the following spells:

 Your Spells              Type           Power        Failure   Level  Hunger
d - Call Canine Familiar  Summ           ###.....     12%         3    ###....
s - Call Imp              Summ           ###.....     6%          2    ###....
z - Summon Small Mammal   Summ           ###.         3%          1    #......


Dungeon Overview and Level Annotations

Branches:
Dungeon (3/15)

Altars:
Nemelex Xobeh

Annotations:
D:3 Grinder


Innate Abilities, Weirdness & Mutations

Your natural rate of healing is unusually fast.
You can bottle blood from corpses.
You have razor-sharp teeth.
You have supernaturally acute eyesight.
You can survive without breathing.
You are partially covered in slimy green scales (AC +2).


Message History

Unknown command.
Grinder closely misses you. Grinder gestures at you.
Pain shoots through your body!
* * * LOW HITPOINT WARNING * * *
Grinder says, "Wait up."
Grinder gestures at you.
You suddenly lose the ability to move!
Grinder gestures at you. Pain shoots through your body!
* * * LOW HITPOINT WARNING * * *
Grinder gestures.
Grinder blinks!
Grinder hits you!
* * * LOW HITPOINT WARNING * * *
You can move again.
You aren't carrying any potions.
Unknown command.
Grinder hits you!
You die...

#.#####.........
#.....#.........
#####.#####.####
#.# #.# #.# #.#
#.# #.#
#######.# #.#
#5......# #h#
#@###########.#
#.##.# #..h...#
#..h.# #.######
####.# #.# #h#
#h# #.###.#
#..h..# #######


You could see Grinder.

Vanquished Creatures
  Jessica (D:3)
  A gnoll (D:1)
  An adder (D:2)
  3 giant geckos
  An orc (D:3)
  3 giant cockroaches
  3 hobgoblins (D:1)
  7 bats
  4 giant newts
  4 goblins
  3 kobolds
  4 rats
35 creatures vanquished.

Vanquished Creatures (collateral kills)
  An adder (D:2)
  A giant gecko (D:1)
  A hobgoblin (D:1)
  A goblin (D:1)
  A kobold (D:1)
  2 rats
7 creatures vanquished.

Vanquished Creatures (others)
  2 quokkas
  A rat (D:1)
3 creatures vanquished.

Grand Total: 45 creatures vanquished

Notes
Turn   | Place    | Note
--------------------------------------------------------------
     0 | D:1      | PolkaDot, the Vampire Summoner, began the quest for the Orb.
     0 | D:1      | Reached XP level 1. HP: 13/13 MP: 3/3
   221 | D:1      | Reached skill level 1 in Fighting
   298 | D:1      | Reached XP level 2. HP: 8/21 MP: 1/4
   589 | D:1      | Reached XP level 3. HP: 20/28 MP: 6/6
   873 | D:2      | Learned a level 2 spell: Call Imp
   877 | D:2      | Learned a level 3 spell: Call Canine Familiar
  1129 | D:2      | Found a sparkling altar of Nemelex Xobeh.
  1577 | D:3      | Reached XP level 4. HP: 35/35 MP: 7/7
  1580 | D:3      | Noticed Jessica
  1591 | D:3      | Killed Jessica
  1651 | D:3      | Noticed Grinder
  1666 | D:3      | Gained mutation: You are partially covered in slimy green scales (AC +2). [potion of beneficial mutation]
  1672 | D:3      | Paralysed by Grinder for 7 turns
  1684 | D:3      | Paralysed by Grinder for 2 turns
  1728 | D:3      | Paralysed by Grinder for 7 turns
  1735 | D:3      | Mangled by Grinder

Action                   |  1- 3 |  4- 6 || total
-------------------------+-------+-------++-------
Melee: Short sword       |   107 |     6 ||   113
       Unarmed           |     7 |       ||     7
 Cast: Summon Small Mamm |    13 |       ||    13
       Call Imp          |       |     2 ||     2
       Call Canine Famil |       |     1 ||     1
  Use: Potion            |     4 |     5 ||     9
       Scroll            |       |     3 ||     3
 Stab: Sleeping          |     4 |       ||     4
       Distracted        |       |     1 ||     1
  Eat: Corpse            |    12 |       ||    12
